 Dungeon Crawl Stone Soup version 0.27.1-4-g1640c2035a (webtiles) character file.

Game seed: 84943411672045342

12686 MisterFreud the Spry (level 11, -10/54 HPs)
             Began as a Felid Berserker on Nov 10, 2021.
             Was a High Priest of Trog.
             Killed from afar by Nessos (13 damage)
             ... with an iceblast
             ... on level 12 of the Dungeon.
             The game lasted 00:19:19 (15773 turns).

MisterFreud the Spry (Felid Berserker)             Turns: 15773, Time: 00:19:19

Health: -10/54     AC:  6    Str: 13    XL:     11   Next: 65%
Magic:  12/12      EV: 32    Int: 10    God:    Trog [*****.]
Gold:   793        SH:  0    Dex: 18    Spells: 10/10 levels left
                                        Lives:  0   Deaths: 3

rFire    . . .     SeeInvis +     - Unarmed
rCold    . . .     Faith    .   (shield unavailable)
rNeg     . . .     Spirit   .   (armour unavailable)
rPois    .         Reflect  .   (helmet unavailable)
rElec    .         Harm     .   (cloak unavailable)
rCorr    .         Rampage  .   (gloves unavailable)
Will     +....                  (boots unavailable)
Stlth    +++++.....             (no amulet)
HPRegen  0.18/turn              C - +4 ring of protection
MPRegen  0.13/turn              n - +4 ring of evasion

@: lethally poisoned (-10 -> -21), on berserk cooldown, slowed, studying Unarmed
Combat, slow
A: very small, claws 1, fangs 3, see invisible, speed 1, shaggy fur 2, stealthy
paws, no weapons or thrown items, no armour, multi-lived
a: Renounce Religion, Berserk, Trog's Hand, Brothers in Arms


You were on level 12 of the Dungeon.
You worshipped Trog.
Trog was extremely pleased with you.
You visited 1 branch of the dungeon, and saw 12 of its levels.

You collected 793 gold pieces.

Inventory:

Jewellery
 h - an amulet of magic regeneration
 i - a ring of resist corrosion
 n - a +4 ring of evasion (right paw)
 r - a +6 ring of dexterity
 A - a ring of poison resistance
 C - a +4 ring of protection (left paw)
Wands
 f - a wand of paralysis (3)
 g - a wand of flame (15)
 l - a wand of charming (9)
 m - a wand of polymorph (6)
 v - a wand of iceblast (3)
Scrolls
 a - 4 scrolls of teleportation
 j - 2 scrolls of fog
 k - a scroll of blinking
 q - 2 scrolls of magic mapping
 B - a scroll of identify
Potions
 b - 3 potions of resistance
 c - 2 potions of mutation
 d - 9 potions of curing {unknown}
 e - a potion of invisibility
 t - a potion of lignification
 x - 2 potions of haste
 D - a potion of heal wounds


   Skills:
 - Level 10.0 Fighting
 - Level 15.0 Dodging
 - Level 10.0 Stealth
 + Level 12.9 Unarmed Combat
 - Level 9.1 Evocations


You had 10 spell levels left.
You didn't know any spells.
Your spell library was empty.

Dungeon Overview and Level Annotations

Branches:
Dungeon (12/15)            Temple (0/1) D:5            Lair (0/6) D:10
    Orc (0/2) D:10

Altars:
Ashenzari
Cheibriados
Dithmenos
Hepliaklqana
Kikubaaqudgha
Nemelex Xobeh
Okawaru
Trog
Vehumet
Wu Jian
Yredelemnul
The Shining One

Shops:
D:7 *   D:10 :[

Annotations:
D:5 exclusion: statue
D:9 exclusion: obsidian statue
D:12 Nessos


Innate Abilities, Weirdness & Mutations

You have sharp claws.
You have razor-sharp teeth.
You have supernaturally acute eyesight. (SInv)
You cover ground quickly. (Speed+)
You are covered in thick fur. (AC +2)
Your paws help you pounce on unaware monsters.
You are incapable of wielding weapons or throwing items.
You cannot wear armour.
You gain extra lives every three experience levels.


Message History

You eviscerate the troll!!!!
You kill the troll!
Trog accepts your kill.
Things that are here:
a +0 falchion; a troll corpse Nessos the Markscentaur comes into view.
They are carrying a wand of iceblast (10).
Nessos is nearby!
Nessos is nearby!
Nessos shouts!
Nessos zaps a wand.
The mass of ice explodes!
The iceblast engulfs you!
Nessos drinks a potion.
Nessos seems to grow stronger.
Nessos hits you. Nessos completely misses you.
A red film seems to cover your vision as you go berserk!
You feel yourself moving faster!
You feel mighty! Nessos completely misses you. Nessos kicks you.
Nessos completely misses you. Nessos kicks you.
You mangle Nessos!!
Nessos is moderately wounded.
You claw Nessos! You bite Nessos, but do no damage.
Nessos is heavily wounded.
Nessos misses you. Nessos kicks you.
You claw Nessos!
Nessos is severely wounded.
Nessos blinks!
Nessos wields a +1 longbow of flaming.
It bursts into flame!
Nessos shoots an arrow.
The arrow completely misses you.
You feel a strong urge to attack something.
Nessos shoots an arrow.
The arrow completely misses you.
You feel your anger nearly subside.
You are no longer berserk.
You are exhausted.
You feel yourself slow down.
Nessos shoots an arrow.
The arrow hits you! The arrow burns you.
You are lethally poisoned!
* * * LOW HITPOINT WARNING * * *
* * * LOW HITPOINT WARNING * * *
You feel very sick.
Nessos blinks!
Nessos shoots an arrow.
The arrow barely misses you.
* * * LOW HITPOINT WARNING * * *
You feel very sick.
Nessos zaps a wand.
The mass of ice explodes!
The iceblast engulfs you!
You die...

### #.# .# #. # #.# ## #. # #.#
#. # #.# #. # #.# #. # #c# #. #
#.# #. # ####.###.# #. #
#...@....# #! ##### #.##.#####
#. ....#########.##.# #.
...........##.##.#
#############.
###.######......ยง#
#............. #
#.##........######.############
# #.##.###...........#
###.##.###.###########
.......[...#


You could see Nessos (strong).

Vanquished Creatures
  Snorg (D:11)
  A hydra (D:12)
  A boulder beetle (D:11)
  5 two-headed ogres
  Urug (D:11)
  Nergalle (D:11)
  Pikel (D:4)
  2 deep elf pyromancers
  4 cyclopes
  Maurice (D:11)
  5 kobold demonologists
  An unseen horror (D:10)
  A komodo dragon (D:12)
  2 trolls
  Prince Ribbit (D:5)
  A hornet (D:5)
  2 meliai zombies (D:11)
  Sigmund (D:4)
  3 shadows (D:11)
  Eustachio (D:4)
  15 yaks
  A wyvern (D:5)
  3 wraiths
  8 vampire mosquitoes
  A basilisk (D:11)
  2 steam dragons
  Menkaure (D:4)
  2 wargs (D:10)
  2 acid dragons
  2 water moccasins
  2 orc warriors
  2 hornet zombies (D:9)
  4 ice beasts
  2 sky beasts (D:6)
  An ogre (D:3)
  2 necrophages
  8 centaurs
  A lemure (D:4)
  A phantom (D:6)
  3 bullfrogs
  3 kobold brigands
  A scorpion (D:6)
  Blork the orc (D:6)
  A gnoll sergeant (D:9)
  2 wyvern zombies
  23 killer bees
  8 wights
  4 howler monkeys
  3 centaur zombies
  2 lava snakes (D:11)
  5 hounds
  3 jellies
  3 gnoll shamans
  3 orc priests
  Crazy Yiuf (D:6)
  7 orc wizards
  A killer bee zombie (D:8)
  A howler monkey zombie (D:9)
  2 adders
  25 gnolls
  A white imp (D:7)
  An ufetubus (D:7)
  A worm (D:2)
  2 dart slugs (D:3)
  24 orcs
  7 endoplasms
  2 giant cockroaches
  14 goblins
  3 hobgoblins
  3 jackals (D:5)
  2 quokkas
  4 ball pythons
  3 bats
  2 frilled lizards (D:1)
  10 kobolds
  2 rats
279 creatures vanquished.

Vanquished Creatures (others)
  4 toadstools (D:1)
  5 withered plants (D:10)
9 creatures vanquished.

Grand Total: 288 creatures vanquished

Notes
Turn   | Place    | Note
-------+----------+-------------------------------------------
     0 | D:1      | MisterFreud the Felid Berserker began the quest for the
                  | Orb.
     0 | D:1      | Reached XP level 1. HP: 10/10 MP: 2/2
    39 | D:1      | Reached skill level 1 in Stealth
   262 | D:1      | Reached XP level 2. HP: 9/14 MP: 3/3
  1728 | D:2      | Reached XP level 3. HP: 16/17 MP: 4/4
  1920 | D:2      | Found a sparkling altar of Nemelex Xobeh.
  1947 | D:2      | Found a faded altar of an unknown god.
  2638 | D:3      | Found an ornate altar of the Wu Jian Council.
  2744 | D:3      | Found a shadowy altar of Dithmenos.
  2744 | D:3      | Found a hazy altar of Hepliaklqana.
  2747 | D:3      | Noticed a shadow
  3188 | D:3      | Noticed an ogre
  3418 | D:3      | Killed an ogre
  3418 | D:3      | Reached ** piety under Trog
  3419 | D:3      | Reached XP level 4. HP: 21/21 MP: 5/5
  3419 | D:3      | Reached XP level 5. HP: 24/24 MP: 6/6
  3635 | D:4      | Noticed Sigmund
  3957 | D:4      | Killed Sigmund
  3958 | D:4      | Reached skill level 5 in Unarmed Combat
  3958 | D:4      | Gained mutation: You are covered in thick fur. (AC +2)
                  | [Felid growth]
  3958 | D:4      | Reached XP level 6. HP: 26/28 MP: 7/7
  4068 | D:4      | Noticed Eustachio
  4087 | D:4      | Killed Eustachio
  4127 | D:4      | Noticed Menkaure
  4136 | D:4      | Killed Menkaure
  4137 | D:4      | Reached skill level 6 in Dodging
  4137 | D:4      | Reached XP level 7. HP: 13/31 MP: 8/8
  4428 | D:4      | Reached skill level 7 in Dodging
  4609 | D:4      | Slain by a gnoll
  4610 | D:4      | Reached XP level 6. HP: -3/28 MP: 7/7
  4723 | D:4      | Noticed Pikel
  4743 | D:4      | Killed Pikel
  4744 | D:4      | Reached skill level 10 in Dodging
  4744 | D:4      | Reached XP level 7. HP: 13/31 MP: 8/8
  5397 | D:5      | Entered Level 5 of the Dungeon
  5409 | D:5      | Found a staircase to the Ecumenical Temple.
  5613 | D:5      | Reached XP level 8. HP: 36/36 MP: 9/9
  5664 | D:5      | Reached skill level 5 in Fighting
  6167 | D:5      | Found a bloodstained altar of Trog.
  6349 | D:5      | Found a radiant altar of Vehumet.
  6548 | D:6      | Noticed a hornet
  6551 | D:6      | Noticed Blork the orc
  6552 | D:6      | Noticed Prince Ribbit
  6566 | D:5      | Killed a hornet
  6835 | D:5      | Killed Prince Ribbit
  6836 | D:5      | Reached XP level 9. HP: 44/44 MP: 10/10
  6902 | D:5      | Reached *** piety under Trog
  6958 | D:6      | Killed Blork the orc
  7446 | D:6      | Noticed a deep elf pyromancer
  7455 | D:6      | Killed a deep elf pyromancer
  7888 | D:6      | Found a runed translucent door.
  7889 | D:6      | Noticed Crazy Yiuf
  8038 | D:6      | Killed Crazy Yiuf
  8225 | D:7      | Found Wurching's General Store.
  8608 | D:7      | Reached XP level 10. HP: 48/48 MP: 11/11
  8761 | D:7      | Reached skill level 10 in Stealth
  9610 | D:8      | Reached **** piety under Trog
  9969 | D:8      | Reached skill level 10 in Unarmed Combat
 10118 | D:8      | Found a glowing golden altar of the Shining One.
 10499 | D:9      | Noticed an obsidian statue
 10717 | D:9      | Found a broken altar of Ashenzari.
 10717 | D:9      | Found a snail-covered altar of Cheibriados.
 10812 | D:9      | Noticed a smoke demon
 10820 | D:9      | Reached skill level 11 in Dodging
 11078 | D:9      | Noticed an orange demon
 11161 | D:9      | Reached XP level 11. HP: 15/53 MP: 12/12
 11689 | D:10     | Entered Level 10 of the Dungeon
 12039 | D:10     | Reached skill level 12 in Dodging
 12159 | D:10     | Found a staircase to the Lair.
 12218 | D:10     | Found a sparkling altar of Nemelex Xobeh.
 12218 | D:10     | Found a basalt altar of Yredelemnul.
 12294 | D:10     | Found Sauv's Antique Armour Boutique.
 12334 | D:10     | Found an iron altar of Okawaru.
 12503 | D:10     | Found Ewigic's Book Boutique.
 12570 | D:10     | Reached skill level 10 in Fighting
 12719 | D:10     | Found an ancient bone altar of Kikubaaqudgha.
 12857 | D:10     | Found a staircase to the Orcish Mines.
 13039 | D:10     | Identified a scroll of acquirement
 13039 | D:10     | Acquired a manual of Unarmed Combat
 13073 | D:11     | Noticed Maurice
 13322 | D:11     | Noticed Nergalle
 13340 | D:11     | Killed Nergalle
 13341 | D:11     | Reached skill level 13 in Dodging
 13615 | D:11     | Noticed a two-headed ogre
 13625 | D:11     | Killed a two-headed ogre
 13626 | D:11     | Reached skill level 14 in Dodging
 13797 | D:11     | Noticed Snorg
 13799 | D:11     | Noticed Urug
 13801 | D:11     | Killed Maurice
 13813 | D:11     | Killed Snorg
 13814 | D:11     | Reached skill level 15 in Dodging
 13814 | D:11     | Reached skill level 1 in Evocations
 13844 | D:11     | Hit by a javelin thrown by Urug
 13845 | D:11     | Reached XP level 10. HP: -11/51 MP: 11/11
 13902 | D:11     | Reached ***** piety under Trog
 13924 | D:11     | Mangled by Urug
 13925 | D:11     | Reached XP level 9. HP: -7/46 MP: 10/10
 13940 | D:11     | Reached XP level 10. HP: 51/51 MP: 11/11
 14290 | D:11     | Killed Urug
 14291 | D:11     | Reached skill level 5 in Evocations
 14359 | D:11     | Noticed a boulder beetle
 14366 | D:11     | Killed a boulder beetle
 14979 | D:12     | Noticed a two-headed ogre
 15004 | D:12     | Killed a two-headed ogre
 15011 | D:12     | Noticed a cyclops
 15078 | D:12     | Killed a cyclops
 15079 | D:12     | Reached XP level 11. HP: 54/54 MP: 12/12
 15125 | D:12     | Noticed a two-headed ogre
 15132 | D:12     | Killed a two-headed ogre
 15286 | D:12     | Noticed a two-headed ogre
 15295 | D:12     | Killed a two-headed ogre
 15530 | D:12     | Noticed a deep elf pyromancer
 15531 | D:12     | Noticed a four-headed hydra
 15532 | D:12     | Killed a deep elf pyromancer
 15539 | D:12     | Killed a four-headed hydra
 15584 | D:12     | Noticed a two-headed ogre
 15594 | D:12     | Killed a two-headed ogre
 15757 | D:12     | Noticed Nessos
 15773 | D:12     | Killed from afar by Nessos

Illustrated notes

Levels and vault maps discovered:
D:1:      ldierk_walled_garden_2, layout_basic
D:2:      layout_basic, basic_altar, dreamdust_ecumenical_altar_grove
D:3:      layout_basic, riverfiend_overflow_shadow_ancestor,
          mainiacjoe_overflow_six_doors_small, minmay_ogre_servants
D:4:      layout_basic, uniq_eustachio, uniq_sigmund, uniq_pikel, uniq_menkaure
D:5:      layout_basic, mainiacjoe_overflow_cross_hatched, vehumet_statue,
          minmay_temple_entry_drinking_statues, minmay_holes
D:6:      layout_cave_pools, minmay_three_doors, uniq_crazy_yiuf_cottage,
          uniq_blork_the_orc, uniq_prince_ribbit1
D:7:      layout_rooms, serial_shops, shop, serial_park_tiny_pond, minivault_5
D:8:      layout_loops_ring, tso_oasis_becter
D:9:      layout_roguey, grunt_temple_overflow_open, minivault_16,
          hex_intersection
D:10:     layout_stronghold, kiku_gazebo_garden_becter,
          gammafunk_temple_overflow_elements, amcnicky_altar_gilded,
          erik_lair_orcish_takeover, serial_shops, nicolae_square_shop,
          minmay_door_square, minmay_shop_grid_forest
D:11:     layout_small_grid, amcnicky_mini_pool_medium, uniq_urug,
          uniq_nergalle, uniq_snorg, uniq_maurice
D:12:     layout_loops_ring, uniq_nessos

Skill      XL: |  1  2  3  4  5  6  7  8  9 10 11 |
---------------+----------------------------------+-----
Stealth        | 1 2 4 6 9 10 | 10.0
Unarmed Combat | 4 5 6 8 10 12 | 12.9
Dodging        | 10 7 11 15 | 15.0
Fighting       | 4 8 9 10 | 10.0
Evocations     | 4 8 9 |  9.1

Action                   |  1- 3 |  4- 6 |  7- 9 | 10-12 || total
-------------------------+-------+-------+-------+-------++-------
Melee: Unarmed           |   101 |    50 |   278 |   611 ||  1040
       Bite              |    11 |     1 |    31 |    85 ||   128
       Punch             |     2 |     1 |    16 |    19 ||    38
Invok: Berserk           |     5 |     4 |    12 |    30 ||    51
       Trog's Hand       |       |     1 |       |     4 ||     5
       Brothers in Arms  |       |       |       |     1 ||     1
Evoke: Wand              |       |       |       |     4 ||     4
  Use: Scroll            |       |       |       |    21 ||    21
 Stab: Sleeping          |    11 |     2 |    12 |    21 ||    46
       Paralysed         |       |       |       |     1 ||     1
Armor: Skin              |     3 |     1 |     1 |    21 ||    26
Dodge: Dodged            |    55 |    24 |   276 |   684 ||  1039
